 Dungeon Crawl Stone Soup version 0.21-a0-50-g941c862 (webtiles) character file.

53 TheOrbIsALie the Insei (level 3, -2/29 HPs)
             Began as a Demonspawn Monk on June 11, 2017.
             Slain by a gnoll
             ... wielding a +0 flail
              (7 damage)
             ... on level 1 of the Dungeon.
             The game lasted 00:02:42 (1168 turns).

TheOrbIsALie the Insei (Demonspawn Monk)            Turns: 1168, Time: 00:02:43

Health: -2/29      AC:  2    Str: 12    XL:     3   Next: 64%
Magic:  0/3        EV: 13    Int: 11    God:
Gold:   109        SH:  0    Dex: 15    Spells: 2/2 levels left

rFire    . . .     SeeInvis .     - Unarmed
rCold    . . .     Gourm    .   (no shield)
rNeg     . . .     Faith    .   a - +0 robe
rPois    .         Spirit   +   (no helmet)
rElec    .         Reflect  .   (no cloak)
rCorr    .         Harm     .   (no gloves)
MR       .....                  (no boots)
Stlth    ++........             (no amulet)
Regen    0.1/turn               f - +3 ring of slaying
MPRegen  0.1/turn               (no ring)

@: flying
A: spiny 1, magic shield
a: no special abilities


You were on level 1 of the Dungeon.
You were not hungry.

You visited 1 branch of the dungeon, and saw 2 of its levels.

You collected 109 gold pieces.

Inventory:

Armour
 a - a +0 robe (worn)
Jewellery
 f - a +3 ring of slaying (left hand)
Scrolls
 c - 3 scrolls of identify {unknown}
 e - a scroll of remove curse {unknown}
 h - a scroll of magic mapping {unknown}
Comestibles
 b - 4 bread rations


   Skills:
 - Level 3.0 Fighting
 - Level 2.6 Dodging
 - Level 1.7 Stealth
 + Level 4.2 Unarmed Combat


You had 2 spell levels left.
You didn't know any spells.

Dungeon Overview and Level Annotations

Branches:
Dungeon (2/15)

Altars:
Gozag
Nemelex Xobeh
Trog
Vehumet


Innate Abilities, Weirdness & Mutations

You are partially covered in sharp spines.
When hurt, damage is shared between your health and your magic reserves.


Message History

You see here 7 stones.
There is a stone staircase leading up here.
The gnoll hits you with a flail!
* * * LOW HITPOINT WARNING * * *
You fly upwards.
There is a stone staircase leading down here.
Unknown command.
Things that are here:
a dagger; a rat skeleton Throwing (i - inventory):
g - a throwing net (quivered)
Press: ? - help, Shift-Dir - straight line, f - gnoll
Aim: a gnoll, wielding a flail You throw a throwing net.
The throwing net closely misses the gnoll.
The gnoll barely misses you.
You aren't carrying any potions.
You hit the gnoll.
The gnoll is moderately wounded.
The gnoll is struck by your spines. The gnoll hits you with a flail!
You die...

# #.....................##......
# #.....##.#.#...###....##......
# #.....##.#.##..# ##########.##
# ########......># ######.## #
###.....# #...#####
####)########...##### ##
##########.#.#.#.###......# .#
#.......##g........######.#
.######..####.##@#.#.#.#.# #.....
.##...#..####.##.)>......###.##.#
....#............#.#.#.#........)
.##...#..####.#.#........###.##.#
.######.........##.#.#.#.#.....#.
.# ##......#.#####....#.#..... ##
######.#.# #.####.#.####
#.#.#####.# #.#.###. #.#.......#
#.#.....


You could see a gnoll.

Vanquished Creatures
  A gnoll (D:2)
  An adder (D:2)
  A worm (D:2)
  A dart slug (D:1)
  A giant cockroach (D:1)
  6 goblins
  3 hobgoblins (D:1)
  4 jackals (D:2)
  A ball python (D:1)
  A frilled lizard (D:1)
  6 kobolds
  7 rats
33 creatures vanquished.

Notes
Turn   | Place    | Note
-------+----------+-------------------------------------------
     0 | D:1      | TheOrbIsALie the Demonspawn Monk began the quest for the Orb.
     0 | D:1      | Reached XP level 1. HP: 18/18 MP: 1/1
   243 | D:1      | Reached skill level 3 in Unarmed Combat
   445 | D:1      | Gained mutation: When hurt, damage is shared between your health and your magic reserves. [demonic ancestry]
   445 | D:1      | Reached XP level 2. HP: 19/24 MP: 2/2
   902 | D:2      | Found a sparkling altar of Nemelex Xobeh.
   902 | D:2      | Found a radiant altar of Vehumet.
   902 | D:2      | Found a bloodstained altar of Trog.
   936 | D:2      | Gained mutation: You are partially covered in sharp spines. [demonic ancestry]
   936 | D:2      | Reached XP level 3. HP: 24/29 MP: 3/3
   980 | D:2      | Reached skill level 4 in Unarmed Combat
  1078 | D:2      | Found an opulent altar of Gozag.
  1168 | D:1      | Slain by a gnoll

Vault maps used:
D:1:      mrwooster_arrival_statue, st_stairs_8
D:2:      grunt_temple_overflow_open, fedhas_altar_1

Skill      XL: |  1  2  3 |
---------------+----------+-----
Unarmed Combat | 3 4 |  4.2
Fighting       | |  3.0
Dodging        | |  2.6
Stealth        | |  1.7

Action                   || total
-------------------------++-------
Melee: Unarmed           ||    98
       Punch             ||     2
Throw: Throwing net      ||     1
  Use: Potion            ||     1
 Stab: Sleeping          ||     1
  Eat: Chunk             ||     1
Armor: Robe              ||     9
Dodge: Dodged            ||    64
